Match 38336405
Unlisted

Match 38336405
End
Vickers Machine Gun Team
Construct Section Command Post
Dingo Light Scout Car
Infantry Section
Infantry Section
Construct Platoon Command Post
Selects Air and Sea Battlegroup
Selects Commando Section Paradrop
Selects Commando Support Section Paradrop
Commando Section Paradrop
Unlock M3 Stuart Light Tanks
M3 Stuart Light Tank
Grenade Package
6-pounder Anti-tank Gun Team
Selects Supply Surplus
Commando Section Paradrop
Selects Anti-tank Rocket Loiter
Construct Company Command Post
Waffaru~
Born to Coom
vonMises
Mael Radec
0
0

Comments sign in to comment!

No comments posted yet!